Map: 2000 Atmospheres LE

Players

DnS

  • Race: Protoss Protoss
  • League: Master

goblin - Winner!

  • Race: Protoss Protoss
  • League: Master

Event: DreamHack SC2 Masters 2021 Summer

VOD

Have the link to the VOD?

Description

Time

  • Played on: May 29, 2021, 11:45 a.m.
  • Length: 11:39

All games in this series

Show
View Real Time Build Order
Export as new Build Order

DnS Protoss 

Build Orders:  

Get SALT Encoding   

  12  0:00  Probe  
  13  0:12  Probe  
  14  0:17  Pylon  
  14  0:24  Probe (Chrono Boost)  
  15  0:36  Probe (Chrono Boost)  
  15  0:38  Gateway  
  16  0:44  Probe (Chrono Boost)  
  16  0:46  Assimilator  
  17  0:51  Probe  
  17  0:57  Assimilator  
  18  1:03  Probe (Chrono Boost)  
  19  1:09  Gateway  
  19  1:13  Probe (Chrono Boost)  
  19  1:18  Probe (Chrono Boost)  
  20  1:25  Cybernetics Core  
  21  1:29  Probe  
  22  1:36  Pylon  
  22  1:41  Probe  
  23  1:54  Probe  
  24  2:00  Warp Gate (Chrono Boost)  
  24  2:02  Stalker x2  
  28  2:09  Probe  
  29  2:19  Pylon  
  29  2:31  Pylon  
  29  2:34  Stalker  
  31  2:37  Stalker  
  33  2:51  Robotics Facility  
  33  2:52  Gateway  
  33  3:09  Stalker x2  
  37  3:28  Pylon  
  37  3:35  Warp Prism (Chrono Boost)  
  39  3:41  Shield Battery  
  39  3:48  Stalker  
  39  3:50  Stalker  
  43  3:58  Stalker  
  42  4:16  Stalker  
  42  4:29  Stalker x2  
  42  4:52  Stalker x2  
  46  5:06  Pylon  
  46  5:25  Stalker x2  
  50  5:28  Stalker  
  52  5:49  Pylon  
  52  6:07  Adept  
  52  6:08  Adept  
  52  6:09  Stalker  
  52  6:37  Stalker x3  
  58  6:47  Pylon  
  48  7:08  Sentry  
  48  7:09  Sentry  
  48  7:12  Probe (Chrono Boost)  
  53  7:20  Nexus  
  53  7:22  Probe (Chrono Boost)  
  54  7:27  Probe (Chrono Boost)  
  54  7:28  Sentry  
  57  7:38  Probe (Chrono Boost)  
  58  7:50  Probe (Chrono Boost)  
  59  7:54  Sentry  
  59  7:55  Probe (Chrono Boost)  
  59  7:58  Stalker  
  64  8:05  Probe  
  65  8:08  Pylon  
  65  8:15  Stalker  
  65  8:17  Probe (Chrono Boost)  
  68  8:26  Probe (Chrono Boost)  
  69  8:34  Stalker x2  
  68  8:44  Probe x2 (Chrono Boost)  
  70  8:53  Probe x2 (Chrono Boost)  
  72  8:58  Probe x2 (Chrono Boost)  
  74  9:10  Probe, Twilight Council  
  74  9:11  Probe  
  76  9:20  Stalker x2  
  80  9:25  Stalker  
  82  9:40  Blink (Chrono Boost)  
  82  9:42  Probe x2  
  84  9:45  Shield Battery  
  84  9:49  Assimilator  
  84  9:54  Probe  
  85  10:07  Stalker x3  
  91  10:17  Probe x2  
  93  10:22  Pylon  
  93  10:23  Forge  
  93  10:35  Nexus  
  93  10:37  Pylon  
  93  10:42  Robotics Facility  
  93  10:46  Pylon  
  93  10:54  Pylon  
  93  10:59  Sentry  
  95  11:04  Stalker x2  
  99  11:12  Nexus  
  73  11:28  Stalker  
  73  11:29  Stalker x2  
Show
View Real Time Build Order
Export as new Build Order

goblin Protoss - Winner!

Build Orders: Oracle Opening 

Get SALT Encoding   

  12  0:00  Probe  
  13  0:12  Probe  
  14  0:17  Pylon  
  14  0:24  Probe (Chrono Boost)  
  15  0:36  Probe (Chrono Boost)  
  15  0:37  Gateway  
  16  0:44  Probe (Chrono Boost)  
  16  0:46  Assimilator  
  17  0:51  Probe  
  18  0:58  Assimilator  
  18  1:03  Probe (Chrono Boost)  
  19  1:08  Gateway  
  19  1:13  Probe (Chrono Boost)  
  19  1:18  Probe (Chrono Boost)  
  21  1:26  Cybernetics Core  
  21  1:29  Probe  
  22  1:39  Pylon  
  22  1:41  Probe  
  23  1:57  Probe  
  24  2:03  Stalker x2  
  24  2:06  Warp Gate  
  28  2:17  Pylon  
  28  2:25  Stargate  
  28  2:36  Stalker  
  29  2:37  Stalker  
  32  2:44  Probe  
  32  3:05  Oracle (Chrono Boost)  
  35  3:16  Nexus  
  35  3:24  Shield Battery  
  35  3:32  Shield Battery  
  38  3:44  Pylon  
  38  3:47  Probe  
  39  3:54  Void Ray (Chrono Boost)  
  36  4:03  Probe  
  36  4:04  Stalker  
  43  4:15  Stalker  
  45  4:21  Void Ray (Chrono Boost)  
  45  4:31  Shield Battery  
  49  4:40  Stalker  
  49  4:48  Stalker  
  51  4:59  Void Ray (Chrono Boost)  
  51  5:03  Probe  
  51  5:04  Zealot  
  58  5:09  Pylon  
  52  5:17  Zealot  
  54  5:26  Stalker  
  56  5:28  Probe x2  
  58  5:37  Void Ray (Chrono Boost)  
  58  5:41  Zealot  
  64  5:50  Pylon  
  64  5:52  Stalker  
  66  6:04  Zealot  
  66  6:06  Probe  
  66  6:07  Probe  
  70  6:16  Shield Battery  
  70  6:22  Void Ray (Chrono Boost)  
  65  6:29  Zealot  
  65  6:30  Probe x2, Zealot  
  73  6:36  Shield Battery  
  73  6:39  Pylon  
  73  6:43  Probe  
  70  6:54  Void Ray (Chrono Boost)  
  70  6:56  Zealot  
  70  6:57  Stalker  
  74  7:09  Probe x2  
  74  7:10  Shield Battery  
  74  7:14  Gateway  
  76  7:21  Probe x2, Void Ray (Chrono Boost)  
  82  7:31  Forge  
  82  7:32  Zealot  
  84  7:38  Pylon  
  80  7:48  Zealot  
  80  7:50  Probe x2  
  84  7:51  Assimilator  
  84  7:54  Void Ray (Chrono Boost)  
  84  7:55  Pylon  
  88  8:07  Photon Cannon  
  88  8:11  Photon Cannon  
  88  8:17  Probe x2  
  88  8:19  Twilight Council  
  90  8:21  Assimilator  
  90  8:37  Void Ray  
  90  8:45  Probe  
  90  8:46  Probe, Protoss Ground Weapons Level 1 (Chrono Boost)  
  96  8:52  Zealot x2, Stalker  
  96  8:53  Blink (Chrono Boost)  
  102  9:04  Gateway  
  102  9:05  Gateway  
  102  9:08  Pylon  
  98  9:21  Robotics Facility  
  98  9:28  Pylon  
  98  9:34  Stalker x3  
  98  9:37  Void Ray  
  106  10:07  Nexus  
  106  10:08  Pylon  
  106  10:09  Warp Prism (Chrono Boost)  
  108  10:30  Stalker x2  
  108  10:31  Stalker  
  108  10:33  Sentry  
  108  10:35  Stalker  
  118  10:38  Observer (Chrono Boost)  
  119  10:46  Pylon  
  119  10:51  Observer (Chrono Boost)  
  120  11:00  Pylon  
  120  11:08  Stalker x3  
  114  11:29  Stalker  
  114  11:30  Stalker  
  114  11:31  Stalker  
Tags
 
Add a new tag
Caveats
  • Supply blocks, unpowered buildings, or Contaminate may cause inaccurate times.
  • Supply counts are checked every 10 seconds.